Map: King Sejong Station LE

Players

Nerchio

  • Race: Zerg Zerg

TYTY (TY) - Winner!

  • Race: Terran Terran

Event: 2016 WCS Global Finals

VOD

Have the link to the VOD?

Description

Time

  • Played on: Oct. 28, 2016, 12:41 p.m.
  • Length: 10:37

All games in this series

Show
View Real Time Build Order
Export as new Build Order

Nerchio Zerg 

Build Orders: Hatch First 

Get SALT Encoding   

  12  0:00  Drone  
  13  0:12  Overlord  
  13  0:17  Drone  
  14  0:30  Drone x2  
  14  0:34  Drone  
  17  0:53  Hatchery  
  17  0:55  Drone  
  17  0:57  Drone  
  18  1:04  Extractor  
  17  1:13  Spawning Pool  
  17  1:16  Drone  
  17  1:19  Drone  
  18  1:27  Drone  
  19  1:38  Overlord  
  19  1:49  Drone  
  20  1:59  Queen  
  20  2:00  Zergling x2  
  23  2:05  Metabolic Boost  
  23  2:06  Queen  
  25  2:08  Zergling x2  
  25  2:11  Drone  
  27  2:16  Drone  
  27  2:21  Drone  
  28  2:38  Drone  
  28  2:41  Drone, Hatchery  
  29  2:44  Drone  
  29  2:46  Drone  
  31  2:52  Drone  
  31  2:55  Overlord  
  32  3:00  Queen  
  32  3:03  Zergling x2  
  35  3:05  Drone  
  35  3:11  Overlord  
  36  3:15  Drone x2  
  36  3:16  Drone  
  36  3:18  Drone  
  40  3:25  Drone  
  40  3:26  Roach Warren  
  40  3:28  Drone  
  40  3:30  Drone  
  40  3:33  Drone  
  43  3:36  Overlord  
  43  3:41  Drone x2  
  45  3:44  Overlord  
  45  3:50  Overlord  
  41  3:58  Zergling x6  
  41  4:00  Drone x3  
  41  4:05  Drone  
  41  4:08  Drone  
  38  4:12  Drone  
  38  4:15  Drone  
  39  4:18  Drone  
  39  4:22  Spore Crawler  
  39  4:24  Drone  
  40  4:29  Drone x2  
  42  4:32  Drone  
  42  4:33  Drone  
  45  4:38  Drone  
  45  4:39  Spore Crawler  
  45  4:43  Spore Crawler  
  42  4:46  Drone x3  
  42  4:49  Drone  
  42  4:51  Drone x2  
  47  4:58  Drone x3  
  47  4:59  Drone, Extractor  
  50  5:01  Drone  
  51  5:11  Roach x3  
  51  5:13  Roach  
  59  5:19  Roach x2, Evolution Chamber  
  62  5:25  Lair  
  62  5:27  Roach  
  64  5:35  Drone x6  
  69  5:38  Drone  
  69  5:39  Drone  
  71  5:46  Spore Crawler  
  69  5:50  Drone  
  69  5:51  Drone x2  
  69  5:53  Zerg Ground Armor Level 1  
  69  5:56  Drone x2  
  70  5:57  Drone  
  70  5:59  Drone  
  70  6:01  Drone  
  70  6:03  Drone  
  74  6:07  Drone  
  74  6:08  Drone x2  
  77  6:13  Overlord x2  
  77  6:19  Roach x2  
  77  6:23  Glial Reconstitution  
  78  6:26  Overlord  
  78  6:28  Roach x2  
  78  6:30  Overlord x2  
  82  6:34  Queen  
  82  6:39  Roach x2  
  88  6:44  Roach  
  90  6:50  Roach x2, Extractor  
  93  6:54  Hatchery  
  93  6:59  Overseer  
  93  7:00  Drone x2  
  93  7:01  Drone  
  95  7:02  Drone x2  
  95  7:03  Drone, Extractor  
  95  7:05  Roach  
  101  7:08  Roach  
  101  7:10  Overlord  
  101  7:18  Drone x10  
  101  7:20  Queen  
  101  7:21  Extractor  
  101  7:22  Extractor  
  111  7:25  Overlord  
  111  7:27  Evolution Chamber  
  110  7:30  Drone x2  
  110  7:31  Drone x2  
  110  7:32  Drone  
  110  7:35  Infestation Pit  
  114  7:37  Drone  
  114  7:41  Drone  
  114  7:42  Drone x4  
  114  7:43  Drone x2  
  122  7:52  Zerg Missile Weapons Level 1  
  122  7:57  Hatchery  
  121  8:04  Zerg Ground Armor Level 2  
  121  8:05  Drone x6  
  122  8:06  Drone  
  122  8:08  Overlord  
  128  8:13  Hive  
  128  8:16  Extractor  
  126  8:29  Hydralisk Den  
  125  8:39  Extractor  
  123  8:42  Drone x2  
  125  8:49  Infestor x3  
  130  8:59  Overlord x2  
  128  9:07  Roach x10, Hatchery  
  128  9:08  Overlord x2  
  128  9:09  Overlord x2  
  143  9:11  Overlord  
  143  9:27  Ravager x5, Hatchery  
  143  9:28  Roach  
  143  9:29  Roach  
  151  9:33  Roach x2  
  151  9:35  Roach  
  151  9:38  Roach  
  159  9:39  Roach  
  159  9:41  Roach  
  159  9:44  Roach  
  156  9:53  Roach x3  
  155  10:03  Ravager  
  153  10:07  Zergling x14  
  153  10:11  Roach  
  162  10:15  Roach  
  162  10:17  Roach  
Show
View Real Time Build Order
Export as new Build Order

TYTY Terran - Winner!

Build Orders: Reaper Expand, Bio Tank, Banshee Rush 

Get SALT Encoding   

  12  0:00  SCV  
  13  0:12  SCV  
  14  0:17  Supply Depot  
  14  0:24  SCV  
  14  0:28  Refinery  
  15  0:38  SCV  
  16  0:44  Barracks  
  16  0:50  SCV  
  17  1:03  SCV  
  18  1:15  SCV  
  19  1:31  Reaper  
  19  1:32  Orbital Command  
  20  1:41  Command Center  
  20  1:52  Factory  
  20  1:57  SCV  
  21  2:03  Supply Depot  
  21  2:07  Barracks Reactor  
  21  2:10  SCV  
  22  2:22  Refinery, SCV  
  23  2:34  SCV  
  24  2:46  Starport, SCV  
  24  2:47  Hellion x2  
  29  2:52  Barracks Tech Lab  
  29  2:54  Orbital Command  
  29  2:58  SCV  
  30  3:09  Hellion x2  
  30  3:10  SCV  
  35  3:20  SCV  
  35  3:23  SCV  
  37  3:28  Banshee  
  37  3:29  Cloaking Field  
  37  3:34  SCV  
  41  3:35  SCV  
  41  3:38  Marine x2  
  41  3:39  Supply Depot  
  44  3:44  Supply Depot  
  44  3:45  Factory Tech Lab  
  44  3:47  SCV x2  
  46  4:00  SCV  
  46  4:01  SCV, Marine x2  
  47  4:11  Banshee  
  47  4:13  SCV x2  
  52  4:19  Command Center  
  52  4:22  Siege Tank  
  55  4:26  SCV x2  
  55  4:29  Marine x2  
  59  4:36  Supply Depot  
  59  4:38  SCV x2  
  61  4:50  SCV  
  62  4:58  Siege Tank, SCV  
  66  5:00  Supply Depot x2  
  66  5:03  SCV  
  66  5:04  Marine  
  66  5:06  Stimpack  
  68  5:10  SCV  
  68  5:13  Starport Reactor  
  69  5:15  Barracks, SCV  
  69  5:17  Barracks  
  69  5:19  Refinery  
  70  5:21  Refinery  
  70  5:22  SCV, Marine  
  70  5:26  Engineering Bay  
  72  5:28  Engineering Bay  
  72  5:31  Siege Tank  
  75  5:36  Orbital Command  
  75  5:38  SCV  
  75  5:40  Marine  
  75  5:41  SCV  
  76  5:50  SCV  
  76  5:54  SCV  
  78  5:58  Marine  
  78  6:02  Orbital Command  
  78  6:03  Starport Reactor  
  79  6:06  Terran Infantry Weapons Level 1, Terran Infantry Armor Level 1  
  79  6:07  SCV x2  
  81  6:15  Marine x4  
  81  6:16  Siege Tank, Marine  
  89  6:19  Barracks, SCV  
  89  6:20  Barracks, SCV  
  91  6:30  SCV  
  91  6:32  SCV x2, Marine  
  94  6:33  Supply Depot, Marine  
  94  6:39  Supply Depot  
  96  6:40  Medivac x2  
  96  6:43  SCV  
  101  6:47  Supply Depot  
  101  6:53  Supply Depot  
  101  6:54  Siege Tank, SCV, Marine x3  
  101  6:56  Supply Depot  
  101  7:01  Refinery, Marine  
  111  7:02  Missile Turret  
  111  7:04  Armory  
  111  7:05  Marine  
  111  7:06  Combat Shields  
  111  7:09  SCV x3  
  111  7:11  Barracks Reactor  
  113  7:16  Marine x2  
  113  7:21  SCV x2  
  113  7:22  Marine x2  
  117  7:25  Refinery, Medivac  
  117  7:28  Medivac  
  117  7:29  Marine  
  125  7:31  Barracks Reactor  
  125  7:33  SCV x2, Marine  
  125  7:34  Marine  
  128  7:38  Barracks  
  128  7:39  Barracks  
  128  7:44  Liberator x2  
  128  7:45  Marine x2  
  128  7:47  SCV, Marine  
  132  7:53  SCV x2  
  132  7:56  Supply Depot  
  136  8:02  Marine  
  141  8:07  Supply Depot  
  141  8:08  Supply Depot  
  141  8:17  Marine  
  141  8:18  Siege Tank, Marine x5  
  141  8:19  Supply Depot  
  149  8:21  Supply Depot  
  149  8:25  Barracks Tech Lab x2  
  149  8:28  Marine x2  
  149  8:29  Marauder  
  153  8:35  Marine  
  153  8:38  SCV x2  
  156  8:43  Marine x2  
  156  8:44  Marine x2, Medivac  
  156  8:47  Command Center  
  160  8:50  Siege Tank, Supply Depot  
  160  8:53  Marauder x2, Marine x3  
  160  8:55  Medivac  
  172  8:57  Marauder  
  170  9:10  Marine x2  
  170  9:11  Concussive Shells  
  170  9:12  Supply Depot  
  170  9:14  Marauder x2  
  176  9:22  Medivac  
  178  9:24  Medivac  
  178  9:30  Marauder, Marine x4  
  186  9:36  Marauder  
  188  9:41  SCV x3  
  191  9:47  Marauder  
  191  9:52  Marauder  
  181  10:01  Marauder, Marine x5  
  181  10:03  Siege Tank  
  181  10:04  Medivac  
  181  10:05  Marine x3  
  193  10:08  Marauder  
  193  10:13  Marauder  
  197  10:19  Marine x3  
Tags
 
Add a new tag
Caveats
  • Supply blocks, unpowered buildings, or Contaminate may cause inaccurate times.
  • Supply counts are checked every 10 seconds.